 Dungeon Crawl Stone Soup version 0.32-a0-799-g95e1662365 (webtiles) character file.

Game seed: 249457450169203901

582 whatisthis the Sneak (level 7, -2/32 HPs)
             Began as a Spriggan Enchanter on Mar 21, 2024.
             Slain by an orc warrior
             ... wielding a +0 hand axe
              (11 damage)
             ... on level 5 of the Dungeon.
             The game lasted 00:11:10 (3551 turns).

whatisthis the Sneak (Spriggan Enchanter)           Turns: 3551, Time: 00:11:10

Health: -2/32      AC:  2    Str:  4    XL:     7   Next: 14%
Magic:  23/23      EV: 32    Int: 17    God:
Gold:   274        SH:  0    Dex: 17    Spells: 14/14 levels left

rFire   . . .        a - +1 dagger
rCold   . . .        (no shield)
rNeg    . . .        b - +0 robe
rPois   .            u - +0 hat
rElec   .            (no cloak)
rCorr   .            (gloves unavailable)
SInv    +            (boots unavailable)
Will    +....        t - amulet of the acrobat
Stlth   ++++         l - ring of magical power
HPRegen 0.25/turn    (no ring)
MPRegen 0.18/turn

%: acrobat
@: acrobatic, very quick
A: very small, no large weapons, unfitting armour, see invisible, speed 3
a: no special abilities


You were on level 5 of the Dungeon.
You visited 1 branch of the dungeon, and saw 5 of its levels.

You collected 274 gold pieces.

Inventory:

Hand Weapons
 a - a +1 dagger (weapon)
Missiles
 w - 8 poisoned darts (quivered)
Armour
 b - a +0 robe (worn)
 u - a +0 hat (worn)
Jewellery
 l - a ring of magical power (left hand)
 r - a ring of fire
 t - an amulet of the acrobat (around neck)
Wands
 k - a wand of paralysis (5)
 s - a wand of light (6)
 v - a wand of polymorph (8)
Scrolls
 e - a scroll of fear {unknown}
 g - 3 scrolls of amnesia {unknown}
 i - a scroll of identify {unknown}
 j - a scroll of enchant weapon {unknown}
 o - 2 scrolls of vulnerability {unknown}
Potions
 c - 4 potions of invisibility
 d - 2 potions of enlightenment {unknown}
 f - 3 potions of curing {unknown}
 h - a potion of resistance {unknown}
 m - 2 potions of haste {unknown}
 n - a potion of berserk rage {unknown}
 p - a potion of brilliance {unknown}
 q - a potion of degeneration {unknown}


   Skills:
 + Level 4.5 Short Blades
 - Level 4.0 Dodging
 + Level 7.9 Stealth
 + Level 4.4 Spellcasting
 + Level 5.1 Hexes


You had 14 spell levels left.
You didn't know any spells.
Your spell library contained the following spells:

 Spells                   Type           Power      Damage    Failure   Level
 Confusing Touch          Hex            21%        N/A       5%          3
 Tukima's Dance           Hex            21%        N/A       5%          3
 Ensorcelled Hibernation  Hex/Ice        24%        N/A       9%          2
 Magic Dart               Conj           12%        1d3       16%         1
 Dazzling Flash           Conj/Hex       24%        N/A       16%         3
 Blink                    Tloc           6%         N/A       22%         2
 Call Imp                 Summ           6%         N/A       22%         2
 Passwall                 Erth           3%         N/A       41%         3
 Swiftness                Air            3%         N/A       41%         3
 Volatile Blastmotes      Fire/Tloc      6%         2d10      41%         3
 Bombard                  Conj/Erth      1%         9d1       100%        6


Dungeon Overview and Level Annotations

Branches:
Dungeon (5/15)
 Temple: D:4-7

Altars:

Shops:
D:1 (   D:4 [

Annotations:
D:3 2 transporters, Fractals's ghost, amateur BaRe


Innate Abilities, Weirdness & Mutations

You are very small and have problems with some larger weapons.
You are too small for most types of armour.
You have supernaturally acute eyesight. (SInv)
You cover ground extremely quickly. (Speed+++)


Message History

Aim: a scorpion (71% to hit)
The bolt of light hits the scorpion!
The scorpion is heavily wounded.
The scorpion is blinded.
You hear a shout! x3
The scorpion completely misses you.
You hit the scorpion.
The scorpion is severely wounded.
The scorpion closely misses you.
You catch the helpless scorpion completely off-guard!
You impale the scorpion!!
You kill the scorpion!
Your Hexes skill increases to level 5!
You have reached level 7!
You start resting.
An orc priest comes into view. It is wielding a +0 dagger.
The orc priest shouts, "The Pantheon deserves no one's loyalty.
Let us show you the true path!" (press Y on the ability menu to convert to Beogh)
An orc warrior comes into view. It is wielding a +0 hand axe.
You closely miss the orc priest.
The orc priest hits you with a +0 dagger.
You completely miss the orc priest. You hit the orc priest.
The orc priest is moderately wounded.
The orc priest hits you with a +0 dagger.
* * * LOW HITPOINT WARNING * * *
An orc comes into view. It is wielding a +0 club.
Aiming: Bolt of Light
Press: ? - help, Shift-Dir - straight line, f - orc priest
Aim: an orc priest, wielding a +0 dagger (moderately wounded, 71% to hit)
The bolt of light hits the orc priest!
You kill the orc priest!
Unknown command.
Unknown command.
An orc is nearby!
You see here a scorpion corpse.
The orc warrior shouts!
The orc warrior attacks as it pursues you!
The orc warrior hits you with a +0 hand axe!
You die...

.............o# ##
...............# o.
..........S ..##.# ...r...
..#.# . #...# #.#.#
.####.####.## #.#.#
............. #†).#
..###..#########o.#######
..###........##.@..##...##
#...>.#.####.).†.........##
#.##..#.######............#
..#..........#............#
...<†........#............#
.............#...........##
........†......#...##...##
........#####.###########
...÷....# ###.##


You could see an orc warrior.

Vanquished Creatures
  An ogre (D:5)
  A phantom (D:5)
  2 scorpions
  A hound (D:4)
  2 bombardier beetles
  An orc priest (D:5)
  An iguana (D:3)
  6 gnolls
  5 adders
  4 ribbon worms
  4 orcs
  2 endoplasms
  3 giant cockroaches
  5 goblins
  5 hobgoblins
  4 kobolds
  5 quokkas
  5 ball pythons
  2 bats
  A frilled lizard (D:3)
  2 rats
62 creatures vanquished.

Notes
Turn   | Place    | Note
-------+----------+-------------------------------------------
     0 | D:1      | whatisthis the Spriggan Enchanter began the quest for the
                  | Orb.
     0 | D:1      | Reached XP level 1. HP: 9/9 MP: 5/5
    53 | D:1      | Found Ziuttuer's Antique Weapon Boutique.
   485 | D:1      | Reached XP level 2. HP: 13/13 MP: 6/6
  1156 | D:2      | Reached skill level 5 in Stealth
  1253 | D:2      | Reached XP level 3. HP: 15/16 MP: 8/8
  1667 | D:3      | Found a transporter.
  1668 | D:3      | Found a transporter.
  1668 | D:3      | Noticed Fractals's ghost (amateur BaRe)
  1850 | D:3      | Reached XP level 4. HP: 21/21 MP: 9/9
  2066 | D:4      | Reached skill level 6 in Stealth
  2218 | D:4      | Found Feufodit's Antique Armour Shop.
  2241 | D:4      | Noticed a scorpion
  2256 | D:3      | Reached XP level 5. HP: 22/24 MP: 10/10
  2388 | D:5      | Entered Level 5 of the Dungeon
  2400 | D:5      | Noticed an ogre
  2405 | D:5      | Killed an ogre
  2406 | D:5      | Reached skill level 7 in Stealth
  2406 | D:5      | Reached XP level 6. HP: 28/28 MP: 12/12
  3539 | D:5      | Reached skill level 5 in Hexes
  3539 | D:5      | Reached XP level 7. HP: 14/32 MP: 14/14
  3551 | D:5      | Slain by an orc warrior

Illustrated notes

Levels and vault maps discovered:
D:1:      heliophobic_arrival_battle_scene, layout_rooms, serial_shops,
          nicolae_shop_gibbet_a_chance, roderic_three_in_a_row
D:2:      layout_loops_ring
D:3:      layout_rooms, gammafunk_ghost_arena, minmay_misc_feat_room,
          nicolae_houndstooth_variations
D:4:      layout_rooms, serial_shops, nicolae_shop_pleasant_corner_grove
D:5:      layout_rooms, minmay_temple_entry_poolview, minmay_increasing_density,
          uniq_edmund, uniq_grinder, uniq_pikel

Skill      XL: |  1  2  3  4  5  6 |
---------------+-------------------+-----
Dodging        | 3 4 |  4.0
Short Blades   | 2 3 4 |  4.5
Stealth        | 5 6 7 |  7.9
Spellcasting   | 3 4 |  4.4
Hexes          | 4 5 |  5.1

Action                     |  1- 3 |  4- 6 |  7- 9 || total
---------------------------+-------+-------+-------++-------
  Melee: Dagger            |   132 |   226 |     3 ||   361
  Evoke: Wand              |       |     8 |     1 ||     9
   Stab: Sleeping          |     9 |     7 |       ||    16
         Paralysed         |       |     2 |       ||     2
         Invisible         |       |     2 |       ||     2
 Armour: Robe              |    34 |    68 |     3 ||   105
  Dodge: Dodged            |    83 |   194 |       ||   277

Table legend: (Time is in decaauts)
 A = Elapsed time spent in this place.
 B = Non-inter-level travel time spent in this place.
 C = Inter-level travel time spent in this place.
 D = Time resting spent in this place.
 E = Time spent auto-exploring this place.
 F = Levels seen in this place.
 G = Mean time per level.
                   A        B        C        D        E       F      G
               +--------+--------+--------+--------+--------+-----+--------+
         Total |   2547 |   2350 |    197 |    521 |    686 |   5 |  509.4 |
       Dungeon |   2547 |   2350 |    197 |    521 |    686 |   5 |  509.4 |
               +--------+--------+--------+--------+--------+-----+--------+

Top non-repeatable levels by time:
     D:4: 761 daAuts
     D:2: 624 daAuts
     D:1: 481 daAuts
     D:3: 476 daAuts
     D:5: 202 daAuts
